 Dungeon Crawl Stone Soup version 0.28-a0-384-g9e0c098162 (webtiles) character file.

Game seed: 13822557883870212540

1109 kae the Cleaver (level 8, 0/71 HPs)
             Began as a Hill Orc Fighter on Sept 2, 2021.
             Killed from afar by a rakshasa (23 damage)
             ... with a lance of force
             ... on level 1 of the Abyss.
             The game lasted 00:04:41 (4911 turns).

kae the Cleaver (Hill Orc Fighter)                  Turns: 4911, Time: 00:04:41

Health: 0/71       AC: 13    Str: 21    XL:     8   Next: 33%
Magic:  8/8        EV: 10    Int:  8    God:
Gold:   1281       SH:  4    Dex: 10    Spells: 7/7 levels left

rFire   . . .      SeeInvis .   a - +0 war axe
rCold   . . .      Faith    .   c - +0 buckler
rNeg    + . .      Spirit   .   f - +0 ring mail
rPois   +          Reflect  .   e - +0 helmet
rElec   .          Harm     .   h - +2 cloak
rCorr   .          Rampage  .   (no gloves)
Will    .....                   l - +1 pair of boots
Stlth   ..........              (no amulet)
HPRegen 0.21/turn               p - ring of poison resistance
MPRegen 0.11/turn               n - ring of positive energy

@: hasted, very quick
A: no striking features
a: no special abilities


You were on level 1 of the Abyss.
You visited 1 branch of the dungeon, and saw 6 of its levels.
You visited the Abyss 1 time.

You collected 1281 gold pieces.

Inventory:

Hand Weapons
 a - a +0 war axe (weapon)
Armour
 c - a +0 buckler (worn)
 e - a +0 helmet (worn)
 f - a +0 ring mail (worn)
 h - a +2 cloak (worn)
 l - a +1 pair of boots (worn)
Jewellery
 n - a ring of positive energy (right hand)
 p - a ring of poison resistance (left hand)
 s - a ring of flight
Wands
 d - a wand of charming (13)
 r - a wand of polymorph (9)
Scrolls
 j - 4 scrolls of amnesia
Potions
 b - a potion of brilliance
 g - 4 potions of flight
 i - 2 potions of mutation
 k - a potion of haste
 m - 4 potions of cancellation
 o - a potion of curing {unknown}
 q - a potion of heal wounds {unknown}


   Skills:
 + Level 6.7 Fighting
 * Level 9.2 Axes
 + Level 6.2 Armour
 - Level 3.2 Shields


You had 7 spell levels left.
You didn't know any spells.
Your spell library contained the following spells:

 Spells                   Type           Power      Damage    Failure   Level
 Ignite Poison            Fire/Tmut/Pois 0%         N/A       92%         3
 Mephitic Cloud           Conj/Pois/Air  0%         N/A       92%         3
 Portal Projectile        Hex/Tloc       0%         N/A       92%         3
 Blade Hands              Tmut           0%         N/A       100%        5
 Bolt of Magma            Conj/Fire/Erth 0%         4d4       100%        5
 Excruciating Wounds      Necr           0%         N/A       100%        5


Dungeon Overview and Level Annotations

Branches:
Dungeon (6/15)
 Temple: D:4-7

Altars:
Hepliaklqana
Ru
The Shining One


Message History

The rakshasa hits you with a +0 whip.
You hit the rakshasa.
The rakshasa is lightly wounded.
You completely miss the rakshasa.
The rakshasa is lightly wounded.
The rakshasa hits you but does no damage.
You completely miss the rakshasa.
The rakshasa is lightly wounded.
The rakshasa hits you with a +0 whip!
You slash the rakshasa!
The rakshasa is moderately wounded.
You completely miss the rakshasa.
The rakshasa is moderately wounded.
The rakshasa hits you with a +0 whip.
You hit the rakshasa.
The rakshasa is moderately wounded.
The rakshasa hits you with a +0 whip!
You barely miss the rakshasa.
The rakshasa is moderately wounded.
A large abomination comes into view.
The rakshasa weaves an illusion.
The large abomination shimmers and seems to become two!
You miss the rakshasa.
The rakshasa is moderately wounded.
You closely miss the rakshasa.
The rakshasa is moderately wounded.
You block the rakshasa's attack.
You hit the rakshasa but do no damage.
The rakshasa is moderately wounded.
The rakshasa hits you with a +0 whip.
You hit the rakshasa but do no damage.
The rakshasa is moderately wounded.
You closely miss the rakshasa.
The rakshasa is moderately wounded.
The rakshasa hits you with a +0 whip!
You slash the rakshasa!
The rakshasa is moderately wounded.
The rakshasa gestures at you. The lance of force hits you!!
You die...

.# .. .
#. ..
.##. . #
.. .. .
###.#
.#....
##.# #.#
... .
#.@# ...
#.#
###R#. .
# ##.##.
. # #
..#X###..
.# .. .
#.X....≈#
.. #.#. .
#... . .
.. . ..
#.#.. #
.. #. #
R... ##≈#
.# . . .
.#. #. #


You could see a rakshasa and 2 large abominations.

Vanquished Creatures
  An ice beast (D:5)
  A black bear (D:5)
  A necrophage (D:4)
  2 ogres (D:5)
  A phantom (D:5)
  2 scorpions (D:4)
  3 bullfrog skeletons
  A jelly (D:4)
  An orc priest (D:6)
  Crazy Yiuf (D:3)
  An iguana (D:5)
  An orc wizard (D:6)
  A hound zombie (D:5)
  11 gnolls
  3 adders
  A shadow imp (D:6)
  An ufetubus (D:5)
  An adder skeleton (D:4)
  A worm (D:3)
  3 dart slugs
  4 orcs
  7 bats
  6 endoplasms
  6 giant cockroaches
  5 goblins
  6 hobgoblins
  12 jackals
  A quokka (D:2)
  9 ball pythons
  3 frilled lizards
  A jackal skeleton (D:4)
  5 kobolds
  3 rats
106 creatures vanquished.

Notes
Turn   | Place    | Note
-------+----------+-------------------------------------------
     0 | D:1      | kae the Hill Orc Fighter began the quest for the Orb.
     0 | D:1      | Reached XP level 1. HP: 19/19 MP: 1/1
    48 | D:1      | Reached skill level 3 in Axes
   226 | D:1      | Reached XP level 2. HP: 25/27 MP: 2/2
   391 | D:1      | Reached XP level 3. HP: 30/33 MP: 3/3
   672 | D:2      | Reached skill level 4 in Axes
  1323 | D:3      | Found a glowing golden altar of the Shining One.
  1333 | D:3      | Reached XP level 4. HP: 40/40 MP: 4/4
  1783 | D:3      | Found a hazy altar of Hepliaklqana.
  1902 | D:3      | Found a runed translucent door.
  1903 | D:3      | Noticed Crazy Yiuf
  2017 | D:3      | Killed Crazy Yiuf
  2261 | D:3      | Identified a scroll of acquirement
  2261 | D:3      | Acquired 1004 gold pieces
  2292 | D:4      | Reached skill level 5 in Axes
  2302 | D:4      | Reached XP level 5. HP: 37/47 MP: 5/5
  2471 | D:4      | Reached skill level 5 in Fighting
  2471 | D:4      | Reached skill level 6 in Axes
  2471 | D:4      | Reached XP level 6. HP: 26/56 MP: 6/6
  3386 | D:4      | Noticed a necrophage
  3391 | D:4      | Killed a necrophage
  3392 | D:4      | Reached skill level 7 in Axes
  3392 | D:4      | Reached skill level 5 in Armour
  3424 | D:4      | Reached XP level 7. HP: 54/61 MP: 7/7
  3736 | D:5      | Entered Level 5 of the Dungeon
  3971 | D:5      | Reached skill level 8 in Axes
  3995 | D:5      | Reached XP level 8. HP: 31/71 MP: 8/8
  4281 | D:5      | Reached skill level 9 in Axes
  4439 | D:5      | Found a sacrificial altar of Ru.
  4844 | D:6      | Cast into level 1 of the Abyss (gnoll sergeant)
  4879 | Abyss:1  | Noticed an apocalypse crab
  4879 | Abyss:1  | Noticed a rakshasa
  4905 | Abyss:1  | Noticed a large abomination
  4911 | Abyss:1  | Killed from afar by a rakshasa

Illustrated notes

Levels and vault maps discovered:
D:1:      dpeg_arrival_tiny_h, layout_rooms
D:2:      layout_loops_ring, dk_noncrumbling_2
D:3:      layout_loops_ring, mainiacjoe_overflow_concentric_impassable,
          nzn_hepliaklqana_mist_gate, minmay_misc_feat_columns,
          uniq_crazy_yiuf_cottage
D:4:      layout_loops_cross
D:5:      layout_basic, nicolae_ru_path_of_blood
D:6:      layout_basic, elyvilon_altar_4, okawaru_trees_2, slow_altar_2,
          serial_shops, nicolae_lakefront_shop
Abyss:1:  base: D:1, gammafunk_abyss_exit_x_factor, hangedman_shadowy_showcase

Skill      XL: |  1  2  3  4  5  6  7  8 |
---------------+-------------------------+-----
Axes           | 3 4 5 6 7 8 9 |  9.2
Fighting       | 4 5 6 |  6.7
Armour         | 4 5 6 |  6.2
Shields        | |  3.2

Action                   |  1- 3 |  4- 6 |  7- 9 || total
-------------------------+-------+-------+-------++-------
Melee: War axe           |    87 |   142 |   116 ||   345
  Use: Scroll            |     3 |     4 |     3 ||    10
       Potion            |       |       |     2 ||     2
Armor: Ring mail         |    43 |    55 |    45 ||   143
Dodge: Dodged            |    52 |    80 |    37 ||   169
Block: Buckler           |    26 |    28 |    19 ||    73

Table legend: (Time is in decaauts)
 A = Elapsed time spent in this place.
 B = Non-inter-level travel time spent in this place.
 C = Inter-level travel time spent in this place.
 D = Time resting spent in this place.
 E = Time spent auto-exploring this place.
 F = Levels seen in this place.
 G = Mean time per level.
                   A        B        C        D        E       F      G
               +--------+--------+--------+--------+--------+-----+--------+
         Total |   4976 |   4864 |    112 |    695 |   3324 |   7 |  710.9 |
       Dungeon |   4916 |   4804 |    112 |    688 |   3324 |   6 |  819.3 |
         Abyss |     59 |     59 |      0 |      7 |      0 |   1 |   59.0 |
               +--------+--------+--------+--------+--------+-----+--------+

Top non-repeatable levels by time:
     D:4: 1471 daAuts
     D:3: 979 daAuts
     D:5: 866 daAuts
     D:2: 699 daAuts
     D:1: 650 daAuts
     D:6: 250 daAuts
 Abyss:1: 59 daAuts
